 Dungeon Crawl Stone Soup version 0.29-a0-1023-g6ae1a4a2c7 (webtiles) character file.

Game seed: 1162745167250070272

200 BritishOli the Ducker (level 5, -4/42 HPs)
             Began as a Demonspawn Gladiator on Aug 11, 2022.
             Was an Initiate of Okawaru.
             Slain by an orc
             ... wielding a +0 whip
              (5 damage)
             ... on level 7 of the Dungeon.
             The game lasted 00:03:25 (4173 turns).

BritishOli the Ducker (Demonspawn Gladiator)        Turns: 4173, Time: 00:03:26

Health: -4/42      AC: 14    Str: 13 (16) XL:     5   Next: 49%
Magic:  5/5        EV:  4    Int:  6 (9)  God:    Okawaru [......]
Gold:   114        SH:  0    Dex: 13 (15) Spells: 4/4 levels left

rFire   . . .      SeeInvis .   a - +0 long sword
rCold   . . .      Faith    .   (no shield)
rNeg    . . .      Spirit   .   r - +0 plate armour
rPois   .          Reflect  .   (helmet restricted)
rElec   .          Harm     .   (no cloak)
rCorr   .          Rampage  .   (no gloves)
Will    .....                   q - +1 pair of boots
Stlth   ..........              (no amulet)
HPRegen 0.14/turn               (no ring)
MPRegen 0.09/turn               (no ring)

@: attractive
A: antennae 1, rugged brown scales 1, (demonic guardian 1)
a: Renounce Religion


You were on level 7 of the Dungeon.
You worshipped Okawaru.
Okawaru was noncommittal.
You visited 2 branches of the dungeon, and saw 6 of its levels.

You collected 114 gold pieces.

Inventory:

Hand Weapons
 a - a +0 long sword (weapon)
Missiles
 d - 3 throwing nets (quivered)
 e - a javelin
Armour
 b - a +0 leather armour
 c - a +0 helmet
 q - a +1 pair of boots (worn)
 r - a +0 plate armour (worn)
Jewellery
 v - a ring of poison resistance
Scrolls
 h - a scroll of teleportation {unknown}
 i - 5 scrolls of identify {unknown}
 j - 2 scrolls of immolation {unknown}
 k - a scroll of amnesia {unknown}
 l - a scroll of acquirement {unknown}
 s - a scroll of enchant armour {unknown}
 u - a scroll of poison {unknown}
Potions
 g - a potion of lignification {unknown}
 m - a potion of flight
 n - a potion of curing {unknown}
 o - a potion of berserk rage {unknown}
 p - 2 potions of attraction
 t - a potion of degeneration
 w - a potion of brilliance {unknown}


   Skills:
 + Level 3.3 Fighting
 + Level 3.6 Long Blades
 - Level 2.0 Throwing
 + Level 2.0 Armour
 + Level 3.7 Dodging


You had 4 spell levels left.
You didn't know any spells.
Your spell library contained the following spells:

 Spells                   Type           Power      Damage    Failure   Level
 Beastly Appendage        Tmut           0%         N/A       100%        1
 Shock                    Conj/Air       0%         1d3       100%        1
 Wereblood                Tmut           0%         N/A       100%        2
 Conjure Flame            Conj/Fire      0%         6-21      100%        3
 Ignite Poison            Fire/Tmut/Pois 0%         N/A       100%        3
 Spider Form              Tmut/Pois      0%         N/A       100%        3
 Swiftness                Air            0%         N/A       100%        3
 Airstrike                Air            0%         2d(0-16)  100%        4
 Sticky Flame             Conj/Fire      0%         2d3       100%        4
 Summon Forest            Summ/Tloc      Unusable   N/A       N/A         5
 Summon Mana Viper        Hex/Summ       Unusable   N/A       N/A         5
 Summon Cactus Giant      Summ           Unusable   N/A       N/A         6

Dungeon Overview and Level Annotations

Branches:
Dungeon (4/15)             Temple (1/1) D:4

Altars:
Ashenzari
Cheibriados
Dithmenos
Fedhas
Gozag
Hepliaklqana
Kikubaaqudgha
Makhleb
Nemelex Xobeh
Okawaru
Qazlal
Trog
Uskayaw
Vehumet
Wu Jian
Xom
Yredelemnul

Shops:
D:2 (


Innate Abilities, Weirdness & Mutations

You have a pair of small antennae on your head.
You are partially covered in rugged brown scales. (AC +1, +3% HP)
((A weak demonic guardian rushes to your aid.))


Message History

It was a potion of attraction.
You feel attractive to monsters. Something hits you but does no damage.
The orc hits you but does no damage. Something hits you.
* * * LOW HITPOINT WARNING * * *
The orc hits you but does no damage.
You bump into the stone wall.
The orc curses loudly.
The orc hits you but does no damage. Something hits you but does no damage.
The orc barely misses you. Something hits you.
* * * LOW HITPOINT WARNING * * *
It was a potion of degeneration.
There was something very wrong with that liquid.
You feel weakened.
You feel dopey.
You feel clumsy.
You hear some strange, mumbled words.
A magic dart appears from out of thin air!
The magic dart hits you but does no damage.
The orc completely misses you.
You hear some strange, mumbled words.
A puff of flame appears from out of thin air!
The puff of flame hits you but does no damage.
The orc hits you but does no damage.
It was a potion of flight.
You feel very buoyant.
You fly up into the air.
You feel less confused. The orc hits you but does no damage.
You hear some strange, mumbled words.
A magic dart appears from out of thin air!
The magic dart hits you but does no damage.
The orc hits you but does no damage. Something hits you but does no damage.
It was a potion of cancellation.
Your magical effects are unravelling.
You feel magically purged.
You float gracefully downwards.
You hear some strange, mumbled words.
A puff of flame appears from out of thin air!
The puff of flame hits you.
* * * LOW HITPOINT WARNING * * *
The orc hits you with a +0 whip.
You die...

#........#..#
##.#####.#..#
######o.###
#.#..#
#.........#
#.....
#...###...#
#.#..# #...#
#...# #....#
#.###
###.....##..
#o# ..#######
#@# ..# #
......o{{.#
.#
...####...#
#.....
....#..
##..##.# ..#
.# ..# #


You could see 2 orcs.

Vanquished Creatures
  Pargi (D:4)
  4 adders
  A worm (D:2)
  2 dart slugs
  2 orcs
  3 endoplasms
  3 giant cockroaches
  8 goblins
  4 hobgoblins
  5 jackals
  4 kobolds (D:1)
  A quokka (D:4)
  7 ball pythons
  4 bats
  2 frilled lizards (D:1)
  6 rats
57 creatures vanquished.

Notes
Turn   | Place    | Note
-------+----------+-------------------------------------------
     0 | D:1      | BritishOli the Demonspawn Gladiator began the quest for the
                  | Orb.
     0 | D:1      | Reached XP level 1. HP: 16/16 MP: 1/1
   329 | D:1      | Gained mutation: You are partially covered in rugged brown
                  | scales. (AC +1, +3% HP) [demonic ancestry]
   329 | D:1      | Reached XP level 2. HP: 16/22 MP: 2/2
   846 | D:1      | Reached XP level 3. HP: 23/28 MP: 3/3
  1299 | D:2      | Found a faded altar of an unknown god.
  1669 | D:2      | Found Askacwur's Weapon Shoppe.
  1853 | D:2      | Reached skill level 1 in Armour
  2312 | D:3      | Gained mutation: You have a pair of small antennae on your
                  | head. [demonic ancestry]
  2312 | D:3      | Reached XP level 4. HP: 35/35 MP: 4/4
  2585 | D:3      | Found a stormy altar of Qazlal.
  3314 | D:4      | Noticed Pargi
  3339 | D:4      | Killed Pargi
  3340 | D:4      | Gained mutation: A weak demonic guardian rushes to your
                  | aid. [demonic ancestry]
  3340 | D:4      | Reached XP level 5. HP: 5/42 MP: 5/5
  3853 | D:4      | Found a staircase to the Ecumenical Temple.
  3898 | Temple   | Entered the Ecumenical Temple
  4085 | Temple   | Became a worshipper of Warmaster Okawaru
  4118 | D:4      | You fall into a shaft and drop 3 floors!
  4118 | D:7      | Found a bloodstained altar of Trog.
  4118 | D:7      | Found an opulent altar of Gozag.
  4173 | D:7      | HP: 1/42 [something/puff of flame (5)]
  4173 | D:7      | Slain by an orc

Illustrated notes

Levels and vault maps discovered:
D:1:      eino_arrival_cavern_a, layout_loops_corners
D:2:      layout_loops_corners, hellmonk_ecumenical_altar_dog_temple,
          serial_shops, nicolae_lakefront_shop
D:3:      layout_loops_corners, nicolae_qazlal_eye_of_the_storm,
          serial_bayou_pond_e, chequers_mini_garden, kennysheep_generic_room_6
D:4:      layout_gridville, minmay_temple_entry_wispy, serial_shops,
          nicolae_shop_hallway_stairs, uniq_robin, uniq_eustachio, uniq_pargi
D:7:      layout_loops_ring, grunt_temple_overflow_open,
          nicolae_ru_sacrificial_ziggurat, enter_bailey_6,
          nicolae_ossuary_entry_plus, uniq_duvessa
Temple:   bh_familiar_temple

Skill      XL: |  1  2  3  4  5 |
---------------+----------------+-----
Throwing       | 2 |  2.0
Dodging        | 3 |  3.7
Long Blades    | 3 |  3.6
Armour         | 1 2 |  2.0
Fighting       | 3 |  3.3

Action                   |  1- 3 |  4- 6 || total
-------------------------+-------+-------++-------
Melee: Long sword        |   100 |    63 ||   163
       Punch             |       |     1 ||     1
  Use: Potion            |       |     4 ||     4
 Stab: Sleeping          |     1 |       ||     1
Armor: Leather armour    |    38 |     2 ||    40
       Plate armour      |       |   129 ||   129
Dodge: Dodged            |    58 |    27 ||    85

Table legend: (Time is in decaauts)
 A = Elapsed time spent in this place.
 B = Non-inter-level travel time spent in this place.
 C = Inter-level travel time spent in this place.
 D = Time resting spent in this place.
 E = Time spent auto-exploring this place.
 F = Levels seen in this place.
 G = Mean time per level.
                   A        B        C        D        E       F      G
               +--------+--------+--------+--------+--------+-----+--------+
         Total |   4213 |   4083 |    130 |    359 |   3182 |   6 |  702.2 |
       Dungeon |   3998 |   3907 |     91 |    359 |   3012 |   5 |  799.6 |
        Temple |    214 |    175 |     39 |      0 |    170 |   1 |  214.0 |
               +--------+--------+--------+--------+--------+-----+--------+

Top non-repeatable levels by time:
     D:1: 1315 daAuts
     D:3: 1058 daAuts
     D:2: 949 daAuts
     D:4: 618 daAuts
  Temple: 214 daAuts
     D:7: 57 daAuts
